 Dungeon Crawl Stone Soup version 0.17-a0-1805-g6093636 (webtiles) character file.

4578 AvaKnavely the Conjurer (level 10, -5/81 HPs)
             Began as a White Draconian Conjurer on Sept 12, 2015.
             Shot with an arrow by a centaur warrior (22 damage)
             ... on level 10 of the Dungeon.
             The game lasted 00:44:56 (8969 turns).

AvaKnavely the Conjurer (White Draconian Conjurer)  Turns: 8969, Time: 00:44:56

Health: -5/81      AC: 10    Str: 12    XL:     10   Next: 18%
Magic:  14/20      EV: 16    Int: 20    God:
Gold:   573        SH:  0    Dex: 15    Spells: 6 memorised, 4 levels left

rFire  . . .     SeeInvis .     D - +7 Spriggan's Knife {MR+ EV+4 Dex+4 Stlth+}
rCold  + . .     Clarity  .     (armour unavailable)
rNeg   . . .     SustAt   .     (no shield)
rPois  .         Gourm    .     (helmet restricted)
rElec  .         Spirit   .     r - +2 cloak
rCorr  .         Warding  .     (no gloves)
rMut   .         Stasis   .     (no boots)
MR     +....                    (no amulet)
Stlth  +++.......               q - +2 ring of intelligence
                                c - ring of wizardry

@: somewhat resistant to hostile enchantments, fairly stealthy
A: breathe frost, unfitting armour, cold resistance 1, cold-blooded, AC +7
a: Breathe Frost


You were on level 10 of the Dungeon.
You were not hungry.

You visited 1 branch of the dungeon, and saw 10 of its levels.

You collected 573 gold pieces.

Inventory:

Hand weapons
 g - a +1 short sword
 D - the +7 Spriggan's Knife (weapon) {MR+ EV+4 Dex+4 Stlth+}
   (You found it on level 5 of the Dungeon)

   It affects your evasion (+4).
   It affects your dexterity (+4).
   It affects your resistance to hostile enchantments.
   It makes you more stealthy.
 Q - a +1 war axe of chopping
Missiles
 d - 204 stones (quivered)
Armour
 r - a +2 cloak (worn)
Magical staves
 C - an uncursed staff of poison
Jewellery
 c - a ring of wizardry (left hand)
 k - an uncursed ring of protection from fire
 l - a +5 ring of dexterity
 o - a +5 ring of strength
 p - an uncursed ring of loudness
 q - a +2 ring of intelligence (right hand)
 t - an uncursed amulet of faith
 B - a +4 ring of evasion
 O - an uncursed amulet of resist corrosion {unknown}
 P - an uncursed ring of wizardry
 R - an uncursed ring of protection from magic {unknown}
 S - an uncursed ring of poison resistance {unknown}
Magical devices
 j - a wand of confusion (21)
 H - a wand of frost (32)
 I - a wand of paralysis (4)
 L - a wand of paralysis (20)
Scrolls
 e - a scroll of noise {unknown}
 s - a scroll of enchant armour {unknown}
 u - 2 scrolls of identify
 v - 3 scrolls of teleportation
 x - 9 scrolls of remove curse
 y - 2 scrolls of fear
 z - 2 scrolls of enchant weapon
 T - a scroll of blinking
Potions
 f - 4 potions of curing
 h - a potion of degeneration {unknown}
 m - 3 potions of haste
 n - 3 potions of lignification
 w - 2 potions of brilliance {unknown}
 E - a potion of poison {unknown}
 F - 2 potions of cancellation
 G - a potion of heal wounds {unknown}
 K - 2 potions of magic {unknown}
 M - a potion of agility {unknown}
Books
 a - a book of Conjurations

   Spells                             Type                      Level
   a - Magic Dart                     Conjuration                  1
   b - Searing Ray                    Conjuration                  2
   c - Dazzling Spray                 Conjuration/Hexes            3
   d - Fulminant Prism                Conjuration/Hexes            4
   e - Iskenderun's Mystic Blast      Conjuration                  4
   f - Iskenderun's Battlesphere      Conjuration/Charms           5
Comestibles
 b - 10 bread rations
 i - 5 meat rations
 J - a fruit
 N - a slice of pizza


   Skills:
 - Level 5.2 Fighting
 - Level 4.5 Short Blades
 - Level 2.0 Dodging
 - Level 1.7 Stealth
 + Level 7.1 Spellcasting
 * Level 7.5 Conjurations
 * Level 5.3 Hexes
 * Level 5.6 Charms


You had 4 spell levels left.
You knew the following spells:

 Your Spells              Type           Power        Failure   Level  Hunger
a - Magic Dart            Conj           ####         1%          1    None
b - Searing Ray           Conj           #####.       1%          2    None
c - Dazzling Spray        Conj/Hex       ####....     1%          3    #......
d - Iskenderun's Battles  Conj/Chrm      ####....     9%          5    #####..
e - Fulminant Prism       Conj/Hex       ####......   4%          4    ###....
f - Iskenderun's Mystic   Conj           #####...     2%          4    ###....


Dungeon Overview and Level Annotations

Branches:
Dungeon (10/15)            Temple (0/1) D:4            Lair (0/8) D:10
    Orc: D:9-12

Altars:
Ashenzari
Fedhas
Gozag
Kikubaaqudgha
Nemelex Xobeh
Okawaru

Shops:
D:5 *   D:10 [

Annotations:
D:7 exclusion: ice statue


Innate Abilities, Weirdness & Mutations

You can breathe waves of freezing cold.
You can buffet flying creatures when you breathe cold.
Your icy white scales are hard (AC +7).
Your body does not fit into most forms of armour.
Your flesh is cold resistant.
You are cold-blooded and may be slowed by cold attacks.


Message History

The centaur warrior shoots an arrow.
The arrow misses you.
The centaur warrior shoots an arrow.
The arrow completely misses you.
Casting: Magic Dart
Confirm with . or Enter, or press ? or * to list all spells.
Aiming: Searing Ray
Press: ? - help, Shift-Dir - straight line, f/p - centaur warrior
Aim: a centaur warrior, wielding a shortbow (lightly wounded)
The searing ray hits the centaur warrior.
The centaur warrior is moderately wounded.
The centaur warrior shoots an arrow.
The arrow barely misses you.
The searing ray hits the centaur warrior.
The centaur warrior is moderately wounded.
The centaur warrior shoots an arrow.
The arrow hits you!
* * * LOW HITPOINT WARNING * * *
The searing ray hits the centaur warrior.
The centaur warrior is moderately wounded.
The centaur warrior shoots an arrow.
The arrow hits you!
* * * LOW HITPOINT WARNING * * *
You feel better.
The centaur warrior shoots an arrow.
The arrow hits you!!
You die...

.######........#..##
## ##.........## #
##........# #
#.....#.#.# #
#.....#.#.# .
#<.....#.#.# ..
.....}.###.# .....
#.# #@## #.(#
#.c...# ......####
c..### .#


You could see a centaur warrior.

Vanquished Creatures
  Joseph (D:7)
  The ghost of AvaKnavely the Cutter, an average KoAK of Lugonu (D:4)
  A spriggan (D:7)
  A wraith (D:10)
  A hungry ghost (D:7)
  A hippogriff (D:8)
  3 orc warriors
  A sky beast (D:10)
  3 phantoms
  A crocodile (D:8)
  4 black bears
  2 ice beasts
  3 ogres
  3 centaurs
  A big kobold (D:8)
  4 giant frogs
  A water moccasin zombie (D:7)
  A scorpion (D:6)
  5 killer bees (D:10)
  2 crimson imps
  2 orc priests
  A gnoll shaman (D:10)
  A jelly (D:7)
  7 orc wizards
  3 giant frog skeletons
  A giant frog zombie (D:7)
  5 hounds
  2 iguanas
  6 worker ants
  A worker ant zombie (D:5)
  12 adders
  11 gnolls
  2 shadow imps
  3 adder skeletons
  An adder zombie (D:5)
  An ooze (D:6)
  7 giant geckos
  27 orcs
  3 bats (D:1)
  7 giant cockroaches
  2 goblins
  A hobgoblin (D:2)
  7 jackals
  3 quokkas
  A ball python (D:5)
  A giant gecko skeleton (D:5)
  A giant gecko zombie (D:8)
  7 giant newts
  8 kobolds
  9 rats
183 creatures vanquished.

Vanquished Creatures (others)
  A shadow imp (D:8)
  10 fulminant prisms
11 creatures vanquished.

Grand Total: 194 creatures vanquished

Notes
Turn   | Place    | Note
--------------------------------------------------------------
     0 | D:1      | AvaKnavely the Draconian Conjurer began the quest for the Orb.
     0 | D:1      | Reached XP level 1. HP: 14/14 MP: 3/3
   352 | D:1      | Reached XP level 2. HP: 22/22 MP: 0/5
   484 | D:1      | Learned a level 2 spell: Searing Ray
   678 | D:1      | Reached skill level 1 in Fighting
   678 | D:1      | Reached XP level 3. HP: 4/28 MP: 0/6
   733 | D:1      | HP: 1/28 [giant gecko (3)]
  1050 | D:2      | Found an opulent altar of Gozag.
  1142 | D:2      | Found an ancient bone altar of Kikubaaqudgha.
  1238 | D:2      | Reached skill level 1 in Short Blades
  1520 | D:3      | Reached XP level 4. HP: 18/35 MP: 1/8
  2200 | D:4      | Reached skill level 5 in Conjurations
  2235 | D:4      | Noticed a phantom
  2282 | D:3      | Reached XP level 5. HP: 21/41 MP: 1/9
  2604 | D:4      | Killed a phantom
  2604 | D:4      | Reached XP level 6. HP: 40/49 MP: 0/11
  2640 | D:4      | Found a staircase to the Ecumenical Temple.
  2721 | D:4      | Found a sparkling altar of Nemelex Xobeh.
  3144 | D:4      | Noticed AvaKnavely's ghost (average KoAK)
  3151 | D:4      | Killed AvaKnavely's ghost
  3164 | D:4      | Reached skill level 6 in Conjurations
  3285 | D:4      | Your scales start taking on an icy white colour.
  3285 | D:4      | Gained mutation: Your flesh is cold resistant. [White Draconian growth]
  3285 | D:4      | Reached XP level 7. HP: 54/57 MP: 5/13
  3547 | D:5      | Entered Level 5 of the Dungeon
  4291 | D:5      | Found Xomaukaj's General Store.
  4760 | D:6      | Learned a level 3 spell: Dazzling Spray
  4766 | D:6      | Learned a level 5 spell: Iskenderun's Battlesphere
  4771 | D:6      | Learned a level 4 spell: Fulminant Prism
  4915 | D:6      | Reached skill level 1 in Charms
  4915 | D:6      | Reached skill level 5 in Spellcasting
  4937 | D:6      | Reached skill level 1 in Hexes
  4937 | D:6      | Reached XP level 8. HP: 43/66 MP: 2/15
  5182 | D:7      | Noticed an ice statue
  5222 | D:7      | Noticed Joseph
  5788 | D:7      | Killed Joseph
  6000 | D:7      | Reached XP level 9. HP: 72/72 MP: 1/18
  6084 | D:7      | Found a shattered altar of Ashenzari.
  6304 | D:8      | Reached skill level 5 in Fighting
  6758 | D:8      | Found a blossoming altar of Fedhas.
  7007 | D:8      | Reached skill level 5 in Charms
  7015 | D:8      | Reached skill level 7 in Conjurations
  7154 | D:9      | Found an iron altar of Okawaru.
  7831 | D:9      | Learned a level 4 spell: Iskenderun's Mystic Blast
  7897 | D:9      | Reached skill level 5 in Hexes
  8186 | D:9      | Reached XP level 10. HP: 7/81 MP: 13/20
  8477 | D:10     | Entered Level 10 of the Dungeon
  8542 | D:10     | Found a staircase to the Lair.
  8800 | D:10     | Found Zeimi's Armour Shop.
  8959 | D:10     | Noticed a centaur warrior
  8969 | D:10     | Shot with an arrow by a centaur warrior

Vault maps used:
D:1:      mrwooster_arrival_arrow
D:2:      nicolae_gozag_seed_capital, kiku_gazebo_pond_becter
D:3:      first_bread, roderic_greek_sauvastika, serial_bayou_pond_c, hex_large
D:4:      minmay_temple_entry_trees, minmay_misc_feat_chi,
          nemelex_lonely_heart_becter
D:5:      serial_shops, shop
D:6:      corexii_leaking_fountain
D:7:      lemuel_ice_statue, nicolae_overflow_crystal_walls, the_bakery,
          uniq_joseph
D:8:      overflow_temple_1_default
D:9:      old_standard_altar, hangedman_decor_riveting
D:10:     boulder_indie, lair_0_dummy, orc_0_dummy, serial_shops,
          nicolae_shop_crystal, nicolae_shop_statue_plus, shop_coins, shop,
          small_statue_intersection

Action                   |  1- 3 |  4- 6 |  7- 9 | 10-12 || total
-------------------------+-------+-------+-------+-------++-------
Melee: Short sword       |    63 |    81 |    40 |       ||   184
       Knife             |       |       |   209 |    36 ||   245
 Cast: Magic Dart        |    51 |    81 |    83 |    26 ||   241
       Searing Ray       |     1 |    13 |    31 |     7 ||    52
       Dazzling Spray    |       |       |     1 |       ||     1
       Fulminant Prism   |       |       |     8 |     2 ||    10
       Iskenderun's Myst |       |       |     3 |     1 ||     4
       Iskenderun's Batt |       |       |     3 |       ||     3
  Use: Potion            |     2 |     1 |       |     1 ||     4
       Scroll            |     6 |     2 |     5 |     1 ||    14
 Stab: Sleeping          |     1 |     1 |    13 |       ||    15
       Distracted        |       |       |     1 |       ||     1
  Eat: Chunk             |     2 |     7 |    14 |     3 ||    26
       Bread ration      |       |       |     1 |       ||     1
